Map: Amygdala

Players

WeAreLegion

  • Race: Terran Terran
  • League: Silver
  • Spawn Location: 1:00

Jalex - Winner!

  • Race: Terran Terran
  • League: Gold
  • Spawn Location: 7:00

VOD

Have the link to the VOD?

Description

Time

  • Played on: Dec. 4, 2024, 9:26 p.m.
  • Length: 17:50
Show
View Real Time Build Order
Export as new Build Order

WeAreLegion Terran 

Build Orders: Reaper Expand 

Get SALT Encoding   

  12  0:00  SCV  
  13  0:12  SCV  
  14  0:17  Supply Depot  
  14  0:24  SCV  
  15  0:39  SCV  
  15  0:42  Barracks  
  16  0:46  Refinery  
  16  0:51  SCV  
  17  1:03  SCV  
  18  1:15  SCV  
  19  1:29  Orbital Command  
  19  1:31  Reaper  
  20  1:42  Command Center  
  20  1:58  SCV  
  20  1:59  Supply Depot  
  21  2:05  Factory  
  21  2:21  SCV, Bunker  
  22  2:23  Marine  
  22  2:29  Refinery  
  23  2:33  SCV  
  24  2:42  Supply Depot  
  24  2:45  SCV  
  24  2:49  Barracks Reactor  
  25  2:57  SCV  
  26  3:00  Starport  
  26  3:05  Orbital Command  
  26  3:08  Hellion  
  26  3:09  SCV  
  29  3:21  SCV  
  30  3:31  Widow Mine  
  30  3:33  SCV  
  33  3:34  SCV  
  33  3:39  Marine  
  35  3:45  SCV  
  35  3:47  SCV  
  37  3:52  Widow Mine  
  38  3:57  SCV  
  38  3:59  SCV  
  41  4:10  SCV  
  41  4:11  SCV  
  42  4:19  Marine x2  
  42  4:20  Factory Tech Lab  
  42  4:22  SCV, Medivac  
  42  4:23  SCV  
  48  4:30  Barracks  
  48  4:32  Barracks  
  48  4:34  SCV  
  48  4:35  SCV  
  48  4:36  Marine  
  48  4:37  Marine  
  52  4:39  Supply Depot x2  
  52  4:46  SCV  
  52  4:47  SCV  
  54  4:56  Starport Tech Lab  
  54  5:00  Siege Tank, Marine  
  54  5:01  Supply Depot  
  54  5:03  Supply Depot  
  54  5:07  SCV x2  
  60  5:08  Marine  
  61  5:16  Interference Matrix  
  61  5:17  Raven  
  61  5:18  Marine  
  61  5:19  SCV x2  
  66  5:26  Marine  
  67  5:32  Siege Tank  
  67  5:33  Supply Depot  
  67  5:34  Supply Depot  
  70  5:36  Marine  
  70  5:39  Engineering Bay  
  71  5:43  Barracks Tech Lab  
  71  6:09  Stimpack  
  71  6:10  Marine x3  
  75  6:14  Siege Tank  
  77  6:28  Marine x2  
  77  6:29  Marauder  
  77  6:31  Barracks  
  77  6:32  Barracks  
  81  6:44  Terran Infantry Weapons Level 1  
  81  6:45  Marine, Refinery  
  81  6:46  Marine, Refinery  
  84  6:47  Command Center  
  84  6:50  Marauder  
  85  6:59  Starport Reactor  
  85  7:03  Marine x2  
  85  7:05  Marine  
  88  7:11  Marauder  
  90  7:21  Marine x2  
  88  7:23  Marine  
  89  7:30  Supply Depot  
  89  7:33  Supply Depot x2, Marauder  
  91  7:38  Medivac x2  
  91  7:39  Marine x2  
  91  7:40  Barracks Reactor  
  91  7:41  Marauder, Barracks Reactor  
  99  7:54  Marauder  
  99  7:56  SCV  
  99  7:57  SCV, Marine x2  
  105  8:03  Marauder  
  107  8:08  SCV  
  107  8:09  SCV  
  109  8:14  Marine  
  109  8:15  Marine, Marauder  
  113  8:21  SCV x2, Marine  
  113  8:22  Marine x3  
  113  8:23  Marine  
  113  8:24  Siege Tank  
  113  8:25  Medivac  
  125  8:32  Marine x2  
  125  8:33  SCV  
  128  8:36  Marine  
  128  8:39  Marine x2  
  128  8:40  Marine x2  
  133  8:42  Marauder  
  135  8:50  Marine x2  
  135  8:55  Marauder  
  139  9:03  Marauder  
  139  9:08  Command Center  
  141  9:24  Supply Depot  
  141  9:28  Supply Depot, Marine x4  
  141  9:29  Marauder x2  
  148  9:48  Supply Depot  
  148  9:50  Marauder x2  
  148  9:51  Supply Depot  
  152  10:12  Marauder x2  
  152  10:33  Marauder  
  153  10:38  Medivac x2  
  157  10:51  Armory  
  157  10:54  Fusion Core  
  157  10:55  Starport  
  157  10:57  Terran Infantry Armor Level 1  
  157  11:05  Marine x6  
  157  11:06  Marauder x2  
  157  11:07  Siege Tank, Medivac  
  157  11:08  Medivac  
  174  11:18  Refinery  
  174  11:21  Orbital Command  
  174  11:23  Orbital Command, Refinery  
  174  11:27  Marauder x2  
  174  11:29  Refinery  
  178  11:37  Liberator  
  178  11:38  SCV x2  
  178  11:39  Siege Tank  
  186  11:46  Marine x6  
  192  11:48  Liberator  
  192  11:49  Refinery, Marauder x2  
  192  11:50  SCV  
  175  12:51  Terran Infantry Weapons Level 2  
  132  14:09  Missile Turret  
  132  14:10  Missile Turret  
  132  14:19  Missile Turret  
  132  14:22  Missile Turret  
  132  14:23  Missile Turret  
  132  14:28  Command Center  
  132  14:34  Supply Depot x2  
  132  14:35  Supply Depot x2  
  132  14:38  Supply Depot  
  132  14:41  Missile Turret x2  
  132  14:45  Missile Turret  
  126  14:55  Marine x5, Marauder, Viking x2  
  126  14:56  SCV, Marauder  
  140  15:08  SCV  
  140  15:13  Marine x5  
  146  15:17  Marauder x2  
  146  15:20  SCV  
  151  15:25  Viking x2  
  155  15:32  SCV  
  156  15:44  SCV  
  157  15:55  Viking x2  
  132  16:25  Viking x2  
  119  16:26  Marine x3  
  89  16:50  Marine x5, Missile Turret  
  89  16:51  Missile Turret, Marauder  
  89  16:52  Marauder  
  89  16:53  Missile Turret  
  97  16:55  Viking x2  
  30  17:35  Supply Depot  
  30  17:36  Starport  
  26  17:42  Starport  
  26  17:44  Starport  
Show
View Real Time Build Order
Export as new Build Order

Jalex Terran - Winner!

Build Orders:  

Get SALT Encoding   

  12  0:00  SCV  
  13  0:14  Supply Depot  
  13  0:17  SCV  
  14  0:25  Refinery  
  14  0:29  SCV  
  15  0:42  Barracks  
  15  0:45  SCV  
  16  0:57  SCV  
  17  1:09  SCV  
  18  1:18  Refinery  
  18  1:21  SCV  
  19  1:33  SCV, Marine, Factory  
  21  1:45  SCV  
  22  1:53  Marine  
  23  2:05  Supply Depot  
  23  2:12  Barracks Tech Lab  
  23  2:19  Factory Reactor  
  23  2:26  Command Center  
  23  2:36  Combat Shield  
  23  2:38  Marine  
  24  2:46  Orbital Command  
  24  2:56  Marine  
  25  3:08  Supply Depot  
  25  3:17  SCV  
  26  3:27  Marine  
  26  3:28  Supply Depot, Hellion  
  26  3:29  SCV  
  26  3:33  Widow Mine  
  32  3:41  Orbital Command, SCV  
  33  4:06  Siege Tank  
  33  4:08  Marine x2  
  38  4:22  SCV x2  
  40  4:31  Engineering Bay  
  40  4:34  SCV x2  
  42  4:46  SCV x2, Armory  
  44  4:58  Engineering Bay  
  44  5:01  SCV x2  
  46  5:08  Command Center  
  46  5:13  SCV x2  
  48  5:21  Marine x2  
  48  5:25  Siege Tank  
  53  5:30  Terran Infantry Weapons Level 1  
  53  5:32  Terran Infantry Armor Level 1  
  53  5:33  Armory  
  53  5:35  SCV  
  53  5:36  SCV  
  53  5:41  Marine  
  53  5:42  Marine  
  57  5:48  SCV x2  
  57  5:49  Barracks  
  59  5:58  Terran Vehicle Weapons Level 1  
  59  5:59  Marine x2  
  59  6:00  SCV  
  62  6:19  SCV  
  62  6:20  Orbital Command  
  62  6:25  Refinery  
  63  6:27  Terran Vehicle And Ship Armor Level 1  
  63  6:29  Marine  
  63  6:30  Marine  
  63  6:31  Siege Tank  
  68  6:38  Starport, Refinery  
  68  6:47  Barracks Reactor  
  68  6:50  Marine x2  
  70  7:02  Orbital Command  
  70  7:07  Marine  
  70  7:08  Marine  
  70  7:17  SCV  
  65  7:27  SCV  
  65  7:29  SCV  
  67  7:38  SCV  
  67  7:40  SCV  
  67  7:41  SCV  
  70  7:46  Supply Depot  
  70  7:47  Supply Depot  
  70  7:50  SCV  
  71  7:52  SCV  
  71  7:57  Siege Tank  
  71  7:58  Marine x2  
  77  7:59  Terran Infantry Armor Level 2, Terran Infantry Weapons Level 2  
  77  8:06  Starport Tech Lab  
  77  8:07  Marine x2  
  77  8:08  Terran Vehicle Weapons Level 2  
  77  8:10  Supply Depot  
  77  8:11  Supply Depot  
  79  8:22  Missile Turret  
  79  8:34  Supply Depot  
  79  8:36  Supply Depot  
  79  8:44  Missile Turret  
  79  8:46  Terran Ship Weapons Level 1  
  79  9:02  SCV  
  80  9:03  SCV x2  
  80  9:05  Command Center  
  82  9:14  SCV  
  82  9:15  SCV x2  
  85  9:18  Starport  
  85  9:24  Starport  
  85  9:28  Starport  
  85  9:36  Medivac  
  85  9:37  Marine x3  
  85  9:38  Marine  
  91  9:44  Fusion Core  
  91  9:56  Siege Tank  
  94  10:12  Starport Tech Lab  
  94  10:16  Starport Tech Lab  
  94  10:17  Starport Tech Lab  
  94  10:19  Orbital Command  
  86  10:43  Orbital Command  
  86  10:48  Battlecruiser x3  
  86  10:49  Battlecruiser  
  110  10:50  Marine x4  
  114  11:07  Marine  
  114  11:08  Marine x2  
  117  11:22  SCV x2  
  119  11:28  Refinery  
  119  11:29  Refinery, Weapon Refit  
  119  11:34  SCV x2, Terran Ship Weapons Level 2, Terran Vehicle And Ship Armor Level 2  
  121  11:46  SCV  
  122  11:47  SCV x2  
  124  11:58  SCV  
  99  13:51  Marine x4  
  99  13:53  Siege Tank  
  106  14:06  Battlecruiser x3  
  106  14:07  Battlecruiser  
  106  14:08  Marine  
  106  14:09  Marine x3  
  134  14:20  Command Center  
  134  14:32  Marine x3  
  134  14:33  Marine  
  138  14:50  Marine x4  
  142  15:11  Terran Infantry Armor Level 3, Terran Infantry Weapons Level 3  
  142  15:12  Command Center  
  142  15:13  Barracks  
  142  15:20  Battlecruiser  
  154  15:21  Battlecruiser  
  154  15:22  Battlecruiser  
  154  15:23  Supply Depot  
  154  15:26  Supply Depot  
  154  15:28  Supply Depot  
  160  15:46  Orbital Command, Refinery  
  160  15:47  Refinery  
  160  15:51  Supply Depot  
  160  15:53  Command Center  
  160  16:01  Barracks  
Tags
 
Matchup
TvT
Race
Terran
Replay Pack
December
Spawn Locations
Cross Positions
Add a new tag
Caveats
  • Supply blocks, unpowered buildings, or Contaminate may cause inaccurate times.
  • Supply counts are checked every 10 seconds.